 Dungeon Crawl Stone Soup version 0.27.1-33-g824d729ab1 (webtiles) character file.

Game seed: 486804473558406919

1998 Gabide the Cudgeller (level 9, 0/65 (68) HPs)
             Began as a Human Monk on Dec 5, 2021.
             Was a Priest of Kikubaaqudgha.
             Slain by a lemure (7 damage)
             ... led by Pikel
             ... on level 6 of the Dungeon.
             The game lasted 00:19:10 (9032 turns).

Gabide the Cudgeller (Human Monk)                   Turns: 9032, Time: 00:19:11

HP:   0/65 (68)     AC: 14    Str: 20    XL:     9   Next: 45%
MP:   13/13         EV: 11    Int: 11    God:    Kikubaaqudgha [***...]
Gold: 50            SH:  4    Dex: 16    Spells: 13/14 levels left

rFire    . . .     SeeInvis .   k - +1 morningstar
rCold    . . .     Faith    +   r - +0 buckler
rNeg     . . .     Spirit   .   h - +3 scale mail
rPois    .         Reflect  .   (no helmet)
rElec    .         Harm     .   (no cloak)
rCorr    .         Rampage  .   (no gloves)
Will     .....                  (no boots)
Stlth    +.........             a - amulet of faith
HPRegen  0.20/turn              j - +6 ring of strength
MPRegen  0.13/turn              l - +4 ring of protection

@: mighty, lightly drained
A: no striking features
a: Renounce Religion, Receive Corpses


You were on level 6 of the Dungeon.
You worshipped Kikubaaqudgha.
Kikubaaqudgha was most pleased with you.
You visited 1 branch of the dungeon, and saw 6 of its levels.

You collected 302 gold pieces.
You spent 252 gold pieces at shops.

Inventory:

Hand Weapons
 k - a +1 morningstar (weapon)
Missiles
 t - 2 throwing nets (quivered)
Armour
 g - +0 steam dragon scales
 h - a +3 scale mail (worn)
 r - a +0 buckler (worn)
Magical Staves
 u - a staff of earth
Jewellery
 a - an amulet of faith (around neck)
 j - a +6 ring of strength (left hand)
 l - a +4 ring of protection (right hand)
 s - a ring of wizardry
Wands
 c - a wand of flame (10)
Scrolls
 e - 2 scrolls of teleportation
 p - a scroll of identify
 q - a scroll of amnesia
 v - a scroll of brand weapon {unknown}
Potions
 d - 3 potions of flight
 i - a potion of brilliance {unknown}
 m - a potion of cancellation {unknown}
 n - a potion of haste {unknown}
 o - a potion of attraction {unknown}


   Skills:
 + Level 5.0 Fighting
 + Level 7.4 Maces & Flails
 + Level 4.7 Armour
 + Level 4.6 Dodging
 + Level 3.0 Stealth
 * Level 1.9 Shields
 * Level 3.3 Spellcasting
 * Level 2.8 Necromancy
 * Level 0.7 Earth Magic
 * Level 0.7 Evocations


You had 13 spell levels left.
You knew the following spells:

 Your Spells              Type           Power      Damage    Failure   Level
a - Pain                  Necr           32%        1d5       28%         1

Your spell library contained the following spells:

 Spells                   Type           Power      Damage    Failure   Level
 Animate Skeleton         Necr           16%        N/A       28%         1
 Sublimation of Blood     Necr           4%         N/A       38%         2
 Corpse Rot               Necr/Air       N/A        N/A       58%         2
 Vampiric Draining        Necr           4%         2d6       63%         3
 Apportation              Tloc           2%         N/A       67%         1
 Blink                    Tloc           N/A        N/A       80%         2
 Gell's Gravitas          Tloc           0%         N/A       95%         3
 Lesser Beckoning         Tloc           0%         N/A       95%         3
 Teleport Other           Tloc           1%         N/A       95%         3
 Animate Dead             Necr           4%         N/A       95%         4
 Dispel Undead            Necr           8%         3d8       95%         4
 Agony                    Necr           8%         N/A       100%        5
 Borgnjor's Vile Clutch   Necr/Erth      2%         N/A       100%        5
 Excruciating Wounds      Necr           4%         N/A       100%        5
 Manifold Assault         Tloc           1%         N/A       100%        5
 Death Channel            Necr           4%         N/A       100%        6


Dungeon Overview and Level Annotations

Branches:
Dungeon (6/15)
 Temple: D:4-7

Altars:
Cheibriados
Dithmenos
Elyvilon
Fedhas
Gozag
Hepliaklqana
Kikubaaqudgha
Sif Muna
Uskayaw
Vehumet
Xom

Shops:
D:6 *

Annotations:
D:6 Pikel


Message History

Pikel freezes you.
* * * LOW HITPOINT WARNING * * *
The lemure completely misses you.
You feel very mighty all of a sudden. The iguana barely misses you.
Pikel hits you but does no damage. The lemure hits you but does no damage.
You closely miss Pikel.
Pikel is almost dead.
The iguana barely misses you. The lemure hits you but does no damage.
The lemure misses you. You block Pikel's attack.
The lemure hits you but does no damage. The iguana barely misses you.
You closely miss Pikel.
Pikel is almost dead.
The lemure barely misses you. The lemure closely misses you.
Pikel hits you with a +0 whip of freezing.
* * * LOW HITPOINT WARNING * * *
Pikel freezes you.
* * * LOW HITPOINT WARNING * * *
The lemure hits you but does no damage. You block the iguana's attack.
You block the lemure's attack. The lemure hits you but does no damage.
Your shield prevents you from hitting Pikel.
Pikel is almost dead.
Pikel hits you but does no damage. The lemure barely misses you.
You block the iguana's attack. You block the lemure's attack.
The lemure misses you.
You closely miss Pikel.
Pikel is almost dead.
Pikel hits you but does no damage. The lemure hits you.
* * * LOW HITPOINT WARNING * * *
The iguana bites you but does no damage.
The lemure hits you.
* * * LOW HITPOINT WARNING * * *
The lemure closely misses you.
You barely miss Pikel.
Pikel is almost dead.
Pikel hits you but does no damage. The lemure closely misses you.
The iguana bites you but does no damage.
The lemure hits you!
You die...
Kikubaaqudgha rasps: "You have failed me!
Welcome... death!"

...## ...# ....# .∩.#
#......+....... ...##...
+......#....... .........
......##....# ... ...##...# #
#....##....###... ...# ..#
##.####....##.......... ...# ..
#....5................. ...# .
+....K@l............... ...+
#....55................ ...#
##..###...>##..........
...#########..###....##..........
.........>...........#......##...
...##................#......##
[..##................#.......#
...#.................#.......#
...#.................#.......#


You could see Pikel, 3 lemures and an iguana.

Vanquished Creatures
  A steam dragon (D:5)
  Edmund (D:6)
  A necrophage (D:5)
  An ice beast (D:3)
  A lemure (D:6)
  2 centaurs
  3 scorpions
  A gnoll sergeant (D:5)
  Dowan (D:4)
  A water moccasin skeleton (D:5)
  5 wights (D:6)
  2 howler monkeys
  2 bullfrog zombies (D:5)
  2 orc priests
  2 gnoll shamans
  3 hounds
  A centaur skeleton (D:4)
  An iguana (D:6)
  An orc wizard (D:3)
  A hound zombie (D:5)
  2 hound skeletons
  20 gnolls
  A howler monkey skeleton (D:5)
  10 adders
  A shadow imp (D:6)
  An ufetubus (D:6)
  2 worms
  4 dart slugs
  8 orcs
  12 ball pythons
  4 bats
  3 endoplasms
  4 giant cockroaches
  12 goblins
  8 hobgoblins
  10 jackals
  8 kobolds
  9 quokkas
  4 frilled lizards
  6 rats
162 creatures vanquished.

Vanquished Creatures (others)
  5 plants (D:3)
5 creatures vanquished.

Grand Total: 167 creatures vanquished

Notes
Turn   | Place    | Note
-------+----------+-------------------------------------------
     0 | D:1      | Gabide the Human Monk began the quest for the Orb.
     0 | D:1      | Reached XP level 1. HP: 18/18 MP: 1/1
   260 | D:1      | Reached XP level 2. HP: 24/24 MP: 2/2
   664 | D:1      | Reached XP level 3. HP: 5/29 MP: 3/3
  1425 | D:1      | Reached XP level 4. HP: 33/35 MP: 4/4
  1838 | D:1      | Reached skill level 4 in Maces & Flails
  2132 | D:2      | Reached XP level 5. HP: 35/41 MP: 5/5
  2406 | D:2      | Found a faded altar of an unknown god.
  3510 | D:3      | Reached XP level 6. HP: 31/48 MP: 6/6
  3527 | D:3      | Reached skill level 1 in Armour
  3552 | D:3      | Found a shadowy altar of Dithmenos.
  3561 | D:3      | Reached skill level 5 in Maces & Flails
  3920 | D:3      | Noticed an ice beast
  3923 | D:3      | Found an ancient bone altar of Kikubaaqudgha.
  3926 | D:3      | Killed an ice beast
  3927 | D:3      | Reached XP level 7. HP: 40/54 MP: 7/7
  4004 | D:3      | Found a shimmering blue altar of Sif Muna.
  4006 | D:3      | Found a radiant altar of Vehumet.
  4011 | D:3      | Got Sif Muna's Disquisition on the Compass
  4800 | D:3      | Became a worshipper of Kikubaaqudgha
  4800 | D:3      | Reached * piety under Kikubaaqudgha
  4800 | D:3      | Received a gift from Kikubaaqudgha
  4800 | D:3      | Reached ** piety under Kikubaaqudgha
  4985 | D:3      | Reached skill level 1 in Spellcasting
  5752 | D:4      | Noticed Dowan
  5754 | D:4      | Found an opulent altar of Gozag.
  5754 | D:4      | Found a hide-covered altar of Uskayaw.
  5770 | D:4      | Killed Dowan
  5949 | D:4      | Learned a level 1 spell: Pain
  5958 | D:5      | Entered Level 5 of the Dungeon
  6038 | D:5      | Reached skill level 6 in Maces & Flails
  6038 | D:5      | Reached XP level 8. HP: 60/60 MP: 10/10
  6070 | D:5      | Reached skill level 1 in Necromancy
  6337 | D:5      | Found a white marble altar of Elyvilon.
  6528 | D:5      | Found a blossoming altar of Fedhas.
  7320 | D:5      | Reached XP level 9. HP: 22/66 MP: 13/13
  7627 | D:5      | Reached skill level 7 in Maces & Flails
  7797 | D:5      | Found a snail-covered altar of Cheibriados.
  7987 | D:6      | Noticed Edmund
  8021 | D:6      | Killed Edmund
  8282 | D:6      | Found a hazy altar of Hepliaklqana.
  8299 | D:6      | Reached skill level 1 in Shields
  8468 | D:6      | Found a shimmering altar of Xom.
  8496 | D:6      | Reached *** piety under Kikubaaqudgha
  8496 | D:6      | Received a gift from Kikubaaqudgha
  8619 | D:6      | Found Waseqopp's Assorted Antiques.
  8628 | D:6      | Bought a scroll of teleportation for 72 gold pieces
  8628 | D:6      | Bought a scroll of enchant weapon for 180 gold pieces
  9007 | D:6      | Reached skill level 5 in Fighting
  9010 | D:6      | Noticed Pikel
  9032 | D:6      | Slain by a lemure

Illustrated notes

Levels and vault maps discovered:
D:1:      nagdon_arrival_zigzag_paths, layout_basic
D:2:      layout_rooms, basic_ecumenical_altar, minmay_misc_feat_rugged,
          hangedman_decor_points, kennysheep_another_room,
          hangedman_abyss_or_decor_lesser_grid
D:3:      layout_loops_ring, grunt_temple_overflow_magic_moments,
          nicolae_dithmenos_the_darkroom, minmay_misc_feat_roman,
          serial_bayou_ford_a, st_stairs_7, kennysheep_donut
D:4:      layout_cave_pools, mainiacjoe_overflow_divided_tiny, uniq_duvessa
D:5:      minmay_inner_zag, layout_loops_ring, old_standard_altar,
          general_overflow_altar, mainiacjoe_overflow_24_doors,
          kennysheep_big_empty_room
D:6:      layout_gridville, mainiacjoe_overflow_catwalk, old_standard_altar,
          serial_shops, shop, uniq_pikel, uniq_edmund

Skill      XL: |  1  2  3  4  5  6  7  8  9 |
---------------+----------------------------+-----
Maces & Flails | 4 5 6 7 |  7.4
Armour         | 2 3 4 |  4.7
Fighting       | 4 5 |  5.0
Dodging        | 4 |  4.6
Spellcasting   | 1 2 3 |  3.3
Stealth        | 3 |  3.0
Necromancy     | 2 |  2.8
Shields        | 1 |  1.9
Earth Magic    | |  0.7
Evocations     | |  0.7

Action                   |  1- 3 |  4- 6 |  7- 9 || total
-------------------------+-------+-------+-------++-------
Melee: Mace              |    92 |   203 |       ||   295
       Morningstar       |       |    14 |   385 ||   399
  Use: Scroll            |     2 |     5 |     9 ||    16
       Potion            |       |     4 |     3 ||     7
 Stab: Sleeping          |     4 |     3 |       ||     7
Armor: Robe              |    15 |    44 |       ||    59
       Scale mail        |       |    53 |   264 ||   317
       Ring mail         |       |     7 |       ||     7
Dodge: Dodged            |    84 |   172 |   314 ||   570
Block: Buckler           |       |       |    33 ||    33
